 Dungeon Crawl Stone Soup version 0.32-a0-338-g4f8ebfe289 (webtiles) character file.

Game seed: 10382186486223950081

33 pichik the Apothecary (level 3, 0/16 HPs)
             Began as a Spriggan Alchemist on Feb 17, 2024.
             Slain by a cerulean imp
             ... wielding a +0 spear
             ... summoned by Natasha
              (4 damage)
             ... on level 1 of the Dungeon.
             The game lasted 00:18:14 (988 turns).

pichik the Apothecary (Spriggan Alchemist)           Turns: 988, Time: 00:18:15

Health: 0/16       AC:  2    Str:  4    XL:     3   Next: 12%
Magic:  8/8        EV: 17    Int: 18    God:
Gold:   73         SH:  0    Dex: 15    Spells: 7/8 levels left

rFire   + . .        i - +0 dagger
rCold   . . .        (no shield)
rNeg    . . .        a - +0 robe
rPois   .            (helmet restricted)
rElec   .            (no cloak)
rCorr   .            (gloves unavailable)
SInv    +            (boots unavailable)
Will    .....        (no amulet)
Stlth   ++           l - ring of protection from fire
HPRegen 0.22/turn    (no ring)
MPRegen 0.11/turn

%: no passive effects
@: slowed, quick
A: very small, no large weapons, unfitting armour, see invisible, speed 3
a: no special abilities


You were on level 1 of the Dungeon.
You visited 1 branch of the dungeon, and saw 2 of its levels.

You collected 73 gold pieces.

Inventory:

Hand Weapons
 d - a +0 club
 f - a +0 dagger
 g - a +0 club
 h - a +0 short sword
 i - a +0 dagger (weapon)
 j - a +0 short sword
Missiles
 k - a boomerang (quivered)
Armour
 a - a +0 robe (worn)
 c - a +0 robe
 o - a +0 ring mail
Jewellery
 l - a ring of protection from fire (left hand)
Scrolls
 e - 2 scrolls of identify {unknown}
 p - a scroll of enchant armour {unknown}
 r - a scroll of poison {unknown}
Potions
 b - a potion of magic
 m - a potion of might {unknown}
 n - a potion of curing {unknown}
 q - a potion of brilliance {unknown}


   Skills:
 + Level 0.2 Throwing
 * Level 3.1 Dodging
 + Level 3.0 Stealth
 * Level 3.1 Spellcasting
 + Level 0.8 Conjurations
 * Level 4.1 Alchemy


You had 7 spell levels left.
You knew the following spells:

 Your Spells              Type           Power      Damage    Failure   Level
a - Sting                 Conj/Alch      44%        1d5       6%          1

Your spell library contained the following spells:

 Spells                   Type           Power      Damage    Failure   Level
 Mercury Vapours          Alch/Air       20%        N/A       11%         2
 Call Imp                 Summ           4%         N/A       24%         2
 Sublimation of Blood     Necr           2%         N/A       24%         2
 Mephitic Cloud           Conj/Alch/Air  8%         N/A       24%         3
 Olgreb's Toxic Radiance  Alch           17%        N/A       30%         4
 Sticky Flame             Fire/Alch      10%        2d5       56%         4
 Summon Hydra             Summ           1%         N/A       100%        7


Dungeon Overview and Level Annotations

Branches:
Dungeon (2/15)

Altars:

Annotations:
D:1 Natasha


Innate Abilities, Weirdness & Mutations

You are very small and have problems with some larger weapons.
You are too small for most types of armour.
You have supernaturally acute eyesight. (SInv)
You cover ground extremely quickly. (Speed+++)


Message History

You see here a rat skeleton.
You see here a jackal corpse.
There is a stone staircase leading down here.
You climb downwards.
The rat squeaks loudly.
Natasha hisses angrily.
You hear a loud squeak.
There is a stone staircase leading up here.
Press: ? - help, v - describe, . - travel
Here: Natasha The floor.
Natasha claws you.
You climb upwards.
There is a stone staircase leading down here.
Natasha stares at you and mumbles some strange words.
You feel yourself slow down.
Throw: boomerang
Press: ? - help, Q - select action, (/) - cycle Shift-Dir - straight line, f - Natasha
Aim: Natasha (45% to hit)
You throw a boomerang. The boomerang barely misses Natasha.
Natasha casts a spell.
Natasha mumbles some strange words.
You feel troubled.
Throw: boomerang
Press: ? - help, Q - select action, (/) - cycle Shift-Dir - straight line, f/p - Natasha
Aim: Natasha (45% to hit)
You throw a boomerang. The boomerang barely misses Natasha.
Natasha casts a spell at you. The magic dart hits you!
Ouch! That really hurt!
The cerulean imp misses you.
Natasha mumbles some strange words.
The cerulean imp hits you from afar with a +1 spear.
* * * LOW HITPOINT WARNING * * *
Natasha wildly gestures.
Natasha's front paws start to glow.
Natasha casts a spell.
The cerulean imp attacks as it pursues you!
The cerulean imp hits you from afar with a +1 spear.
* * * LOW HITPOINT WARNING * * *
The cerulean imp hits you from afar with a +0 spear.
You die...

...........# #.##.# #.####.####.
...........####.##.# #.# #.# #.
.÷.......÷...##.##.# #.# #†# #.
.........÷.#....#..# #.# #.# #.
.............####.## #.# #.# #.
...........#.......# #.# #.# #.
...........#..####.###.# #.# ##.
............5h5###..##.####.###..
..............5.@÷..............#
...........#........##..#.....###
#...........######++###.#.###..##
#...........##~~.......ß.....#...
#...........#~~..~~~~~~.#..#.####
#..........##~..~~...~~~#........
#..........##~.~~..~..~~####.....
#....##..÷.##~.~~.~~~..~#######.#
#..#.###....#~.~~.<.~~.~#.## #..


You could see Natasha and 3 cerulean imps.

Vanquished Creatures
  2 ball pythons (D:1)
  3 goblins (D:1)
  A hobgoblin (D:1)
  3 jackals (D:1)
  3 kobolds (D:1)
  A bat (D:1)
  2 frilled lizards (D:1)
  4 rats (D:1)
19 creatures vanquished.

Notes
Turn   | Place    | Note
-------+----------+-------------------------------------------
     0 | D:1      | pichik the Spriggan Alchemist began the quest for the Orb.
     0 | D:1      | Reached XP level 1. HP: 9/9 MP: 5/5
    13 | D:1      | h
    13 | D:1      | help
   138 | D:1      | Reached XP level 2. HP: 13/13 MP: 2/6
   287 | D:1      | Reached skill level 4 in Alchemy
   575 | D:1      | Reached XP level 3. HP: 10/16 MP: 8/8
   961 | D:2      | Noticed Natasha
   988 | D:1      | Slain by a cerulean imp

Illustrated notes

.#
#####++###.#.
##~~.......ß..
#~~..~~~~~~.#
#~..~~...~~~#
#~.~~..~..~~#
#~.~~[~~~..~#
#~.~~@<.~~.~#
#~..~~~.~~.~#
#~~..~..~~.~#
#~~~...~~..~#
#.~~~~~~..~~#
..ß.......~~##
#...###++#####
....


Turn 13 on D:1: h

Levels and vault maps discovered:
D:1:      psy_arrival_whirlpool, layout_rooms
D:2:      layout_basic, basic_altar, uniq_natasha

Skill      XL: |  1  2 |
---------------+-------+-----
Dodging        | 3 |  3.1
Alchemy        | 4 |  4.1
Spellcasting   | 3 |  3.1
Throwing       | |  0.2
Stealth        | |  3.0
Conjurations   | |  0.8

Action                     || total
---------------------------++-------
  Melee: Dagger            ||    10
  Throw: Boomerang         ||    38
   Cast: Sting             ||    16
 Armour: Robe              ||    15
  Dodge: Dodged            ||    49

Table legend: (Time is in decaauts)
 A = Elapsed time spent in this place.
 B = Non-inter-level travel time spent in this place.
 C = Inter-level travel time spent in this place.
 D = Time resting spent in this place.
 E = Time spent auto-exploring this place.
 F = Levels seen in this place.
 G = Mean time per level.
                   A        B        C        D        E       F      G
               +--------+--------+--------+--------+--------+-----+--------+
         Total |    653 |    653 |      0 |      0 |     64 |   2 |  326.5 |
       Dungeon |    653 |    653 |      0 |      0 |     64 |   2 |  326.5 |
               +--------+--------+--------+--------+--------+-----+--------+

Top non-repeatable levels by time:
     D:1: 651 daAuts
     D:2: 1 daAuts
